 Dungeon Crawl Stone Soup version 0.31.0-32-g396128a36d (webtiles) character file.

Game seed: 4351692316378759064

1200 unlimited1921 the Chopper (level 8, 0/67 HPs)
             Began as a Gnoll Cinder Acolyte on Mar 12, 2024.
             Was a High Priest of Ignis.
             Slain by a gnoll
             ... wielding a +0 rapier
             ... led by a gnoll bouda
              (5 damage)
             ... on level 6 of the Dungeon.
             The game lasted 00:36:01 (5511 turns).

unlimited1921 the Chopper (Gnoll Cinder Acolyte)    Turns: 5511, Time: 00:36:01

Health: 0/67       AC:  5    Str: 16    XL:     8   Next: 44%
Magic:  12/14      EV: 12    Int: 13    God:    Ignis [*****.]
Gold:   262        SH:  5    Dex:  8    Spells: 9/16 levels left

rFire   + . .        y - +0 war axe (elec)
rCold   . . .        (no shield)
rNeg    . . .        u - +1 leather armour {rPois}
rPois   +            (no helmet)
rElec   .            i - +0 cloak
rCorr   .            (no gloves)
SInv    .            (no boots)
Will    .....        l - amulet of reflection
Stlth   ++           F - ring of flight
HPRegen 0.31/turn    (no ring)
MPRegen 0.14/turn

%: reflection
@: weakened, flying
A: fangs 1, strong nose, distributed training
a: Renounce Religion, Fiery Armour, Foxfire Swarm, Rising Flame


You were on level 6 of the Dungeon.
You worshipped Ignis.
Ignis was extremely pleased with you.
You visited 1 branch of the dungeon, and saw 7 of its levels.

You collected 262 gold pieces.

Inventory:

Hand Weapons
 a - a -1 hand axe of flaming
 y - a +0 war axe of electrocution (weapon)
 z - a +1 dagger of venom
 B - a +3 spear
 D - a +0 sling of freezing
Missiles
 r - 10 poisoned darts (quivered)
 C - a throwing net
 E - a boomerang
Armour
 i - a +0 cloak (worn)
 t - a +0 chain mail
 u - a +1 leather armour of poison resistance (worn)
 v - a +0 scale mail
 w - a +1 scale mail of poison resistance
 A - a +0 kite shield
 H - a +0 cloak
Magical Staves
 k - a staff of air
Jewellery
 l - an amulet of reflection (around neck)
 F - a ring of flight (left hand)
Wands
 o - a wand of light (4)
 I - a wand of mindburst (22)
Scrolls
 c - a scroll of enchant armour {unknown}
 g - 3 scrolls of teleportation {unknown}
 h - 2 scrolls of amnesia {unknown}
 m - 2 scrolls of identify {unknown}
 p - a scroll of immolation {unknown}
 q - a scroll of brand weapon {unknown}
 s - a scroll of vulnerability {unknown}
Potions
 b - a potion of lignification {unknown}
 d - a potion of attraction {unknown}
 e - a potion of cancellation {unknown}
 f - a potion of mutation {unknown}
 j - a potion of enlightenment {unknown}
 n - 2 potions of haste {unknown}
 x - a potion of curing {unknown}
 G - a potion of heal wounds {unknown}


   Skills:
 + Level 7.4 Fighting
 + Level 3.4 Short Blades
 + Level 3.4 Long Blades
 + Level 7.4 Axes
 + Level 3.4 Maces & Flails
 + Level 3.4 Polearms
 + Level 3.4 Staves
 + Level 3.4 Ranged Weapons
 + Level 3.4 Throwing
 + Level 3.4 Armour
 + Level 3.4 Dodging
 + Level 3.4 Stealth
 + Level 3.4 Shields
 + Level 3.4 Unarmed Combat
 + Level 4.5 Spellcasting
 + Level 2.8 Conjurations
 + Level 2.8 Hexes
 + Level 2.8 Summonings
 + Level 2.8 Necromancy
 + Level 2.8 Translocations
 + Level 6.2 Fire Magic
 + Level 2.8 Ice Magic
 + Level 2.8 Air Magic
 + Level 2.8 Earth Magic
 + Level 2.8 Alchemy
 + Level 3.7 Invocations
 + Level 3.4 Evocations
 + Level 3.1 Shapeshifting


You had 9 spell levels left.
You knew the following spells:

 Your Spells              Type           Power      Damage    Failure   Level
a - Scorch                Fire           38%        2d6       2%          2
b - Magic Dart            Conj           40%        1d5       8%          1
c - Necrotise             Necr           40%        1d6       8%          1
d - Call Imp              Summ           20%        N/A       11%         2
e - Sting                 Conj/Alch      40%        1d5       8%          1

Your spell library contained the following spells:

 Spells                   Type           Power      Damage    Failure   Level
 Apportation              Tloc           20%        N/A       8%          1
 Sandblast                Erth           20%        2d7       8%          1
 Summon Small Mammal      Summ           40%        N/A       8%          1
 Blink                    Tloc           20%        N/A       11%         2
 Passwall                 Erth           10%        N/A       22%         3
 Stone Arrow              Conj/Erth      20%        3d8       22%         3
 Brom's Barrelling Bould  Conj/Erth      10%        2d3       58%         4


Dungeon Overview and Level Annotations

Branches:
Dungeon (7/15)
 Temple: D:4-7

Altars:


Innate Abilities, Weirdness & Mutations

You have very sharp teeth.
Your uncanny sense of smell can sniff out nearby items.
Your experience applies equally to all skills.


Message History

The gnoll closely misses you.
The gnoll is no longer moving quickly.
The gnoll bouda barks out a call to the hunt!
The gnoll picks up the pace!
The gnoll attacks as it pursues you! The gnoll closely misses you.
The gnoll attacks as it pursues you! The gnoll closely misses you.
The gnoll attacks as it pursues you! The gnoll hits you but does no damage.
The gnoll attacks as it pursues you! You block the gnoll's attack.
The gnoll barely misses you. The gnoll hits you with a +0 club.
* * * LOW HITPOINT WARNING * * *
The gnoll attacks as it pursues you! The gnoll barely misses you.
The gnoll bouda gazes fiercely through you!
You feel your attacks grow feeble.
The gnoll is no longer moving quickly.
The gnoll attacks as it pursues you! The gnoll misses you.
The gnoll closely misses you.
The gnoll bouda barks out a call to the hunt!
The gnoll picks up the pace!
The gnoll attacks as it pursues you! The gnoll misses you.
The gnoll attacks as it pursues you! The gnoll hits you with a +0 rapier.
* * * LOW HITPOINT WARNING * * *
The gnoll hits you with a +0 club.
* * * LOW HITPOINT WARNING * * *
The gnoll closely misses you. The gnoll completely misses you.
The gnoll bouda gazes fiercely through you!
You feel as though you will be weak longer.
Casting: Magic Dart (safe; 8% risk of failure)
Confirm with . or Enter, or press ? or * to list all spells.
You don't know that spell.
Unknown command.
Unknown command.
Casting: Magic Dart (safe; 8% risk of failure)
Confirm with . or Enter, or press ? or * to list all spells.
A tiny devil pulls itself out of the air.
The gnoll hits you with a +0 rapier.
* * * LOW HITPOINT WARNING * * *
The gnoll attacks as it pursues you! You block the gnoll's attack.
Your cerulean imp hits the gnoll but does no damage.
The gnoll is no longer moving quickly.
The gnoll hits you with a +0 rapier.
You die...

############# #.........@5#
#######.#########g# ..
............# #g# ...
............# ##g##########.###
............####..g............#
.>.............................#
.†..........####)..............+
.....................†.........#
............####...............#


You could see a gnoll bouda, 3 gnolls and a friendly cerulean imp (summoned).

Vanquished Creatures
  A centaur (D:5)
  2 phantoms (D:5)
  8 scorpions
  A gnoll sergeant (D:5)
  An orc priest (D:3)
  3 hounds
  2 sleepcaps
  2 iguanas
  2 orc wizards
  3 adders
  3 gnolls
  A shadow imp (D:6)
  3 dart slugs
  A ribbon worm (D:2)
  16 orcs
  5 endoplasms
  3 giant cockroaches
  5 hobgoblins
  2 jackals (D:1)
  2 quokkas
  7 ball pythons
  2 bats
  4 frilled lizards
  5 goblins
  8 kobolds
  9 rats
101 creatures vanquished.

Vanquished Creatures (collateral kills)
  A gnoll (D:5)
1 creature vanquished.

Grand Total: 102 creatures vanquished

Notes
Turn   | Place    | Note
-------+----------+-------------------------------------------
     0 | D:1      | unlimited1921 the Gnoll Cinder Acolyte began the quest for
                  | the Orb.
     0 | D:1      | Reached XP level 1. HP: 23/23 MP: 4/4
    70 | D:1      | Reached XP level 2. HP: 20/29 MP: 5/5
   879 | D:1      | Reached XP level 3. HP: 35/35 MP: 7/7
  1385 | D:2      | Reached skill level 1 in Invocations
  1866 | D:3      | Reached skill level 1 in Short Blades
  1866 | D:3      | Reached skill level 1 in Long Blades
  1866 | D:3      | Reached skill level 1 in Maces & Flails
  1866 | D:3      | Reached skill level 1 in Polearms
  1866 | D:3      | Reached skill level 1 in Staves
  1866 | D:3      | Reached skill level 1 in Ranged Weapons
  1866 | D:3      | Reached skill level 1 in Throwing
  1866 | D:3      | Reached skill level 1 in Armour
  1866 | D:3      | Reached skill level 1 in Dodging
  1866 | D:3      | Reached skill level 1 in Stealth
  1866 | D:3      | Reached skill level 1 in Shields
  1866 | D:3      | Reached skill level 1 in Unarmed Combat
  1866 | D:3      | Reached skill level 1 in Evocations
  1866 | D:3      | Reached skill level 1 in Shapeshifting
  1866 | D:3      | Reached XP level 4. HP: 37/41 MP: 8/8
  2206 | D:3      | Found a faded altar of an unknown god.
  2236 | D:3      | Reached skill level 1 in Conjurations
  2236 | D:3      | Reached skill level 1 in Hexes
  2236 | D:3      | Reached skill level 1 in Summonings
  2236 | D:3      | Reached skill level 1 in Necromancy
  2236 | D:3      | Reached skill level 1 in Translocations
  2236 | D:3      | Reached skill level 1 in Ice Magic
  2236 | D:3      | Reached skill level 1 in Air Magic
  2236 | D:3      | Reached skill level 1 in Earth Magic
  2236 | D:3      | Reached skill level 1 in Alchemy
  2335 | D:3      | Reached XP level 5. HP: 38/47 MP: 9/9
  2619 | D:3      | Learned a level 2 spell: Scorch
  2761 | D:4      | Reached XP level 6. HP: 49/53 MP: 3/11
  3504 | D:5      | Entered Level 5 of the Dungeon
  3714 | D:4      | Learned a level 1 spell: Magic Dart
  3789 | D:5      | Reached XP level 7. HP: 14/60 MP: 0/12
  3943 | D:4      | Learned a level 1 spell: Necrotise
  4692 | D:5      | Reached XP level 8. HP: 64/67 MP: 14/14
  5128 | D:7      | Learned a level 2 spell: Call Imp
  5321 | D:6      | Learned a level 1 spell: Sting
  5511 | D:6      | Slain by a gnoll

Illustrated notes

Levels and vault maps discovered:
D:1:      dpeg_arrival_line_fractal, layout_basic
D:2:      layout_basic
D:3:      layout_basic, nicolae_ecumenical_oubliette
D:4:      layout_cave_pools
D:5:      layout_cave_pools
D:6:      layout_basic, minitemple, temple_green, gammafunk_ghost_hive,
          uniq_crazy_yiuf_cottage
D:7:      layout_rooms

Skill      XL: |  1  2  3  4  5  6  7  8 |
---------------+-------------------------+-----
Invocations    | 1 2 3 |  3.7
Short Blades   | 1 2 3 |  3.4
Long Blades    | 1 2 3 |  3.4
Maces & Flails | 1 2 3 |  3.4
Polearms       | 1 2 3 |  3.4
Staves         | 1 2 3 |  3.4
Ranged Weapons | 1 2 3 |  3.4
Throwing       | 1 2 3 |  3.4
Armour         | 1 2 3 |  3.4
Dodging        | 1 2 3 |  3.4
Stealth        | 1 2 3 |  3.4
Shields        | 1 2 3 |  3.4
Unarmed Combat | 1 2 3 |  3.4
Spellcasting   | 3 4 |  4.5
Evocations     | 1 2 3 |  3.4
Shapeshifting  | 1 2 3 |  3.1
Conjurations   | 1 2 |  2.8
Hexes          | 1 2 |  2.8
Summonings     | 1 2 |  2.8
Necromancy     | 1 2 |  2.8
Translocations | 1 2 |  2.8
Ice Magic      | 1 2 |  2.8
Air Magic      | 1 2 |  2.8
Earth Magic    | 1 2 |  2.8
Alchemy        | 1 2 |  2.8
Fighting       | 7 |  7.4
Axes           | 7 |  7.4
Fire Magic     | 6 |  6.2

Action                     |  1- 3 |  4- 6 |  7- 9 || total
---------------------------+-------+-------+-------++-------
  Melee: Hand axe          |   109 |    70 |       ||   179
         Bite              |     6 |    11 |     5 ||    22
         Punch             |     2 |       |     2 ||     4
         War axe           |       |    11 |    28 ||    39
         Unarmed           |       |       |    62 ||    62
  Throw: Dart              |       |       |    12 ||    12
   Cast: Scorch            |       |    27 |    16 ||    43
         Magic Dart        |       |     8 |    27 ||    35
         Necrotise         |       |       |    16 ||    16
         Call Imp          |       |       |     3 ||     3
         Sting             |       |       |     1 ||     1
 Invoke: Fiery Armour      |     2 |       |       ||     2
  Evoke: Wand              |       |     1 |       ||     1
 Armour: Leather armour    |    77 |    61 |   106 ||   244
  Dodge: Dodged            |    59 |    41 |    85 ||   185
  Block: Other             |    11 |    22 |    33 ||    66
         Reflection        |       |     2 |     2 ||     4
         Kite shield       |       |       |     5 ||     5
